 Dungeon Crawl Stone Soup version 0.28.0 (webtiles) character file.

Game seed: 12954627033131735510

3920 Armakuni the Twirler (level 10, -5/74 HPs)
             Began as a Human Fighter on Feb 18, 2022.
             Was an Initiate of Elyvilon.
             Slain by a cyclops (10 damage)
             ... on level 8 of the Dungeon.
             The game lasted 00:17:42 (10771 turns).

Armakuni the Twirler (Human Fighter)               Turns: 10771, Time: 00:17:42

Health: -5/74      AC: 11    Str: 17 (18) XL:     10   Next: 43%
Magic:  9/9        EV: 11    Int: 10 (12) God:    Elyvilon [......]
Gold:   1245       SH:  4    Dex: 10 (12) Spells: 9/9 levels left

rFire   . . .      SeeInvis .   a - +2 flail
rCold   + . .      Faith    +   c - +0 buckler
rNeg    . . .      Spirit   .   e - +2 ring mail {rC+}
rPois   .          Reflect  .   (no helmet)
rElec   .          Harm     .   (no cloak)
rCorr   .          Rampage  .   l - +0 pair of gloves
Will    .....                   (no boots)
Stlth   ..........              U - amulet of faith
HPRegen 0.22/turn               (no ring)
MPRegen 0.11/turn               (no ring)

@: attractive
A: iridescent scales 1, low MP 1, MP-powered wands
a: Renounce Religion


You were on level 8 of the Dungeon.
You worshipped Elyvilon.
Elyvilon was noncommittal.
You visited 2 branches of the dungeon, and saw 9 of its levels.

You collected 1245 gold pieces.

Inventory:

Hand Weapons
 a - a +2 flail (weapon)
Missiles
 m - 7 boomerangs (quivered)
 q - 5 javelins
Armour
 c - a +0 buckler (worn)
 e - a +2 ring mail of cold resistance (worn)
 l - a +0 pair of gloves (worn)
Magical Staves
 h - a staff of conjuration
Jewellery
 J - a ring of ice
 U - an amulet of faith (around neck)
Wands
 k - a wand of digging (3)
Scrolls
 f - a scroll of amnesia
 j - 3 scrolls of vulnerability
 v - a scroll of identify
Potions
 i - a potion of cancellation
 n - a potion of brilliance
 o - 2 potions of degeneration
Miscellaneous
 t - a tin of tremorstones (inert)


   Skills:
 + Level 5.2 Fighting
 - Level 3.0(5.7) Maces & Flails
 - Level 7.6(8.0) Staves
 - Level 5.0 Armour
 - Level 5.0 Dodging
 - Level 4.0 Shields
 - Level 5.0 Conjurations
 + Level 6.7 Evocations


You had 9 spell levels left.
You didn't know any spells.
Your spell library was empty.

Dungeon Overview and Level Annotations

Branches:
Dungeon (8/15)             Temple (1/1) D:7
   Lair: D:8-11

Altars:
Ashenzari
Cheibriados
Dithmenos
Elyvilon
Fedhas
Hepliaklqana
Kikubaaqudgha
Makhleb
Nemelex Xobeh
Okawaru
Qazlal
Ru
Sif Muna
Trog
Uskayaw
Vehumet
Wu Jian
Xom
Yredelemnul
Zin
The Shining One


Innate Abilities, Weirdness & Mutations

You are partially covered in iridescent scales. (AC +2)
Your magical capacity is low. (-10% MP)
You expend magic power (3 MP) to strengthen your wands.


Message History

The cyclops is lightly wounded.
You block the cyclops's attack.
You hit the cyclops.
The cyclops is lightly wounded.
The cyclops closely misses you.
It was a potion of mutation.
You feel extremely strange.
Iridescent scales grow over part of your body.
You feel less energetic.
You feel your magical essence link to the dungeon's wands.
The cyclops hits you.
It was a potion of brilliance.
You feel clever all of a sudden.
It was a potion of degeneration.
There was something very wrong with that liquid.
You feel weakened.
You feel dopey.
You feel clumsy. The cyclops closely misses you.
It was a potion of magic.
Magic courses through your body. The cyclops misses you.
It was a potion of resistance.
You feel protected. The cyclops hits you!!
* * * LOW HITPOINT WARNING * * *
It was a potion of attraction.
You feel attractive to monsters.
It was a potion of lignification.
You turn into a tree.
Your +0 pair of gloves melds into your body.
Your +2 ring mail of cold resistance melds into your body.
You feel less resistant to cold.
Your roots penetrate the ground.
The cyclops hits you!
* * * LOW HITPOINT WARNING * * *
Okay, then.
Your magical effects are unravelling.
You feel magically purged.
You feel less wooden.
Your +0 pair of gloves unmelds from your body.
Your +2 ring mail of cold resistance unmelds from your body.
You feel resistant to cold.
You feel a little less clever now.
Your resistance to elements expires.
The cyclops hits you!
You die...

... .## ...............#
..C.......#.##.#######
..........#..#.#..#...
.....................
#..................[
#....?..(.........#
...###....##.C.......##
...#..........@......#
.o............#....###
...............#.(..#### #
..............##.......#.#
.........##..............#
........##................
.......................##
.................<).......
......(..................#


You could see a cyclops.

Vanquished Creatures
  3 yaks (D:7)
  A wyvern (D:7)
  The ghost of Raspi the Sneak, an amateur DsBr (D:7)
  Eustachio (D:5)
  Duvessa (D:7)
  A water moccasin (D:7)
  2 orc warriors
  An ice beast (D:7)
  A sky beast (D:6)
  A black bear (D:5)
  3 necrophages
  3 centaurs (D:8)
  2 ogres
  A phantom (D:4)
  A kobold brigand (D:7)
  2 bullfrogs (D:6)
  A wyvern zombie (D:8)
  4 scorpions
  3 jellies
  A water moccasin skeleton (D:5)
  Dowan (D:7)
  4 killer bees (D:7)
  4 wights (D:7)
  2 bullfrog zombies (D:6)
  A centaur zombie (D:7)
  A centaur skeleton (D:4)
  4 hounds
  An iguana (D:5)
  A scorpion zombie (D:5)
  8 orc wizards
  A killer bee zombie (D:6)
  7 adders
  An ufetubus (D:5)
  2 worms (D:2)
  3 dart slugs
  12 orcs
  6 endoplasms
  4 giant cockroaches
  7 goblins
  8 hobgoblins
  4 jackals (D:1)
  11 kobolds
  3 quokkas
  5 ball pythons
  10 bats
  2 frilled lizards
  12 rats
159 creatures vanquished.

Vanquished Creatures (others)
  An endoplasm (D:4)
1 creature vanquished.

Grand Total: 160 creatures vanquished

Notes
Turn   | Place    | Note
-------+----------+-------------------------------------------
     0 | D:1      | Armakuni the Human Fighter began the quest for the Orb.
     0 | D:1      | Reached XP level 1. HP: 18/18 MP: 1/1
    37 | D:1      | Reached XP level 2. HP: 8/24 MP: 2/2
   458 | D:1      | Reached XP level 3. HP: 28/29 MP: 3/3
   901 | D:1      | Found a faded altar of an unknown god.
  1454 | D:2      | Reached XP level 4. HP: 28/37 MP: 4/4
  1662 | D:2      | Noticed a necrophage
  1680 | D:2      | Reached skill level 1 in Dodging
  1684 | D:2      | Killed a necrophage
  1685 | D:2      | Reached XP level 5. HP: 16/43 MP: 5/5
  2333 | D:3      | Reached XP level 6. HP: 32/49 MP: 6/6
  3306 | D:4      | Reached skill level 5 in Fighting
  3313 | D:4      | Reached skill level 1 in Evocations
  3355 | D:4      | Reached XP level 7. HP: 56/56 MP: 7/7
  3408 | D:3      | Reached skill level 1 in Conjurations
  3602 | D:4      | Identified a scroll of acquirement
  3602 | D:4      | Acquired 899 gold pieces
  4249 | D:5      | Entered Level 5 of the Dungeon
  4260 | D:5      | Noticed Eustachio
  4268 | D:5      | Killed Eustachio
  4482 | D:5      | Reached XP level 8. HP: 28/62 MP: 8/8
  5498 | D:6      | Reached skill level 5 in Evocations
  5555 | D:6      | Reached skill level 5 in Conjurations
  5761 | D:6      | Reached XP level 9. HP: 46/68 MP: 9/9
  5781 | D:6      | Reached skill level 5 in Armour
  6601 | D:6      | Reached skill level 5 in Dodging
  6601 | D:6      | Reached skill level 1 in Staves
  6749 | D:6      | Reached skill level 2 in Staves
  6830 | D:7      | Reached skill level 3 in Staves
  7190 | D:7      | Reached skill level 4 in Staves
  7376 | D:7      | Found a staircase to the Ecumenical Temple.
  7401 | Temple   | Entered the Ecumenical Temple
  7558 | Temple   | Became a worshipper of Elyvilon the Healer
  7609 | D:7      | Reached skill level 5 in Staves
  7853 | D:7      | Noticed Duvessa
  7854 | D:7      | Noticed Dowan
  7879 | D:7      | Killed Duvessa
  7883 | D:7      | Killed Dowan
  8118 | D:7      | Reached skill level 6 in Staves
  8312 | D:7      | Reached XP level 10. HP: 61/74 MP: 10/10
  8858 | D:7      | Found a runed translucent door.
  8858 | D:7      | Noticed Raspi's ghost (amateur DsBr)
  8869 | D:7      | Killed Raspi's ghost
  8870 | D:7      | Reached skill level 7 in Staves
 10210 | D:8      | Noticed a cyclops
 10396 | D:7      | HP: 3/74 [kobold brigand (5)]
 10398 | D:7      | HP: 1/74 [kobold brigand (1)]
 10764 | D:8      | Gained mutation: You are partially covered in iridescent
                  | scales. (AC +2) [potion of mutation]
 10764 | D:8      | Gained mutation: Your magical capacity is low. (-10% MP)
                  | [potion of mutation]
 10764 | D:8      | Gained mutation: You expend magic power (3 MP) to
                  | strengthen your wands. [potion of mutation]
 10771 | D:8      | Slain by a cyclops

Illustrated notes

Levels and vault maps discovered:
D:1:      minmay_arrival_stair_chambers, layout_basic,
          hellmonk_ecumenical_altar_heavens_door, minmay_rat_gold_closets
D:2:      layout_basic
D:3:      layout_rooms
D:4:      layout_gridville
D:5:      layout_loops_ring, uniq_eustachio
D:6:      layout_loops_cross
D:7:      layout_basic, minmay_temple_entry_glass, gammafunk_ghost_grave,
          minivault_1, grunt_decor_one_mirror, uniq_duvessa
D:8:      lemuel_bear_cage, layout_cave_pools
Temple:   compressed_dpeg_triangle_lava_temple

Skill      XL: |  1  2  3  4  5  6  7  8  9 10 |
---------------+-------------------------------+-----
Maces & Flails | 3 |  3.0
Fighting       | 4 5 |  5.2
Dodging        | 1 2 3 5 |  5.0
Armour         | 4 5 |  5.0
Evocations     | 1 3 5 6 |  6.7
Conjurations   | 3 5 |  5.0
Shields        | 4 |  4.0
Staves         | 6 7 |  7.6

Action                   |  1- 3 |  4- 6 |  7- 9 | 10-12 || total
-------------------------+-------+-------+-------+-------++-------
Melee: Flail             |   132 |   145 |   340 |   112 ||   729
Throw: Dart              |     3 |     3 |    11 |       ||    17
       Boomerang         |       |       |       |     5 ||     5
Evoke: Wand              |       |       |     3 |       ||     3
       Tin of tremorston |       |       |       |     2 ||     2
  Use: Scroll            |     3 |     3 |     9 |     3 ||    18
       Potion            |       |     1 |     5 |    13 ||    19
Armor: Scale mail        |    86 |    68 |   142 |       ||   296
       Ring mail         |       |       |    11 |    53 ||    64
Dodge: Dodged            |    75 |    78 |   166 |    87 ||   406
Block: Buckler           |    30 |    31 |    80 |    40 ||   181
